[Event "*** Titled Tuesday Blitz"]
[Site "Chess.com"]
[Date "2020.03.03"]
[Round "3"]
[White "ChelsieMonica"]
[Black "moro182"]
[Result "0-1"]
[WhiteElo "2142"]
[BlackElo "2656"]
[TimeControl "180+1"]
[EndTime "9:27:06 PST"]
[Termination "moro182 won by resignation"]

1. c4 Nf6 2. Nc3 e6 3. Nf3 d5 4. e3 b6 5. d4 Bb7 6. Be2 Nbd7 7. O-O a6 8. h3 Bd6 9. a3 O-O 10. b4 dxc4 11. Bxc4 e5 12. dxe5 Nxe5 13. Nxe5 Bxe5 14.
Bb2 Qe7 15. Qb3 Rad8 16. a4 Bd6 17. b5 Qe5 18. g3 Qh5 19. h4 Qf3 20. e4 Nxe4 21.
Nxe4 Qxe4 22. f3 Qg6 23. g4 axb5 24. axb5 Qh6 25. h5 Qf4 26. Qc2 Bc5+ 27. Kh1 Rd2 28. Be5 Bxf3+ 0-1

[Event "*** Titled Tuesday Blitz"]
[Site "Chess.com"]
[Date "2020.03.03"]
[Round "3"]
[White "StockholmMissile"]
[Black "Timurist"]
[Result "0-1"]
[WhiteElo "2381"]
[BlackElo "2240"]
[TimeControl "180+1"]
[EndTime "9:27:06 PST"]
[Termination "Timurist won by resignation"]

1. e4 e5 2. Nf3 Nc6 3. Bb5 a6 4. Ba4 Nf6 5. O-O Be7 6. Re1 b5 7. Bb3 d6 8. c3 O-O 9. h3 Na5 10. Bc2 c5 11. d4 Qc7 12. Nbd2 Rd8 13. Nf1 cxd4 14. cxd4 exd4 15. Nxd4 d5 16. e5 Ne4 17.
f3 Bc5 18. Be3 Qb6 19. fxe4 dxe4 20. Kh1 Bxd4 21. Bxe4 Bb7 22. Bxb7 Nxb7 23. Bxd4 Rxd4 24. Qf3 Rad8 25. Ng3 Rd3 26. Qg4 Qg6 27. Qxg6 hxg6 28. Ne4 R3d5 29. e6 fxe6 30. Ng5 e5 31. Nf3 Re8 32. Ng5 Nd6 33. Re2 e4 34. Rae1 Rxg5 0-1

[Event "*** Titled Tuesday Blitz"]
[Site "Chess.com"]
[Date "2020.03.03"]
[Round "3"]
[White "Saitama_Hero"]
[Black "Astaneh"]
[Result "0-1"]
[WhiteElo "2268"]
[BlackElo "2552"]
[TimeControl "180+1"]
[EndTime "9:27:11 PST"]
[Termination "Astaneh won by resignation"]

1. d4 d5 2. Bf4 c5 3. e3 Qb6 4. Nc3 Nf6 5. Na4 Qa5+ 6. c3 Nbd7 7. a3 c4 8. b4 cxb3 9. Qxb3 e6 10. Nf3 Be7 11.
Bb5 O-O 12. O-O a6 13. Be2 b5 14. Nb2 Nb6 15. a4 b4 16. c4 dxc4 17. Nxc4 Nxc4 18. Bxc4 Bb7 19. Ne5 Rac8 20. Rac1 h6 21. Bxe6 Bd5 22.
Bxd5 Nxd5 23. Nc6 Rxc6 24. Rxc6 Nc3 25. Qc4 Qxa4 26. Rxa6 Qc2 27. Kh1 b3 28. Rc6 b2 29.
Qxc3 b1=Q 0-1

[Event "*** Titled Tuesday Blitz"]
[Site "Chess.com"]
[Date "2020.03.03"]
[Round "3"]
[White "Tjktiger"]
[Black "vovachesss"]
[Result "1-0"]
[WhiteElo "2790"]
[BlackElo "2571"]
[TimeControl "180+1"]
[EndTime "9:27:13 PST"]
[Termination "Tjktiger won by resignation"]

1. d4 Nf6 2. c4 e6 3. g3 Bb4+ 4.
Bd2 Qe7 5. Bg2 O-O 6. e3 c5 7.
Bxb4 cxb4 8. Ne2 d5 9. cxd5 exd5 10. Nf4 Bg4 11. Nxd5 Nxd5 12. Qxg4 Nxe3 13. fxe3 Qxe3+ 14. Qe2 Qxd4 15. Bxb7 Nd7 16. Bxa8 Rxa8 17. Nd2 Qxb2 18. O-O Nf6 19. Rab1 Qxa2 20. Rxb4 Rd8 21. Qe7 Qxd2 22. Rxf6 gxf6 23. Rg4+ 1-0

[Event "*** Titled Tuesday Blitz"]
[Site "Chess.com"]
[Date "2020.03.03"]
[Round "3"]
[White "IMDT02"]
[Black "Grandelicious"]
[Result "0-1"]
[WhiteElo "2464"]
[BlackElo "2687"]
[TimeControl "180+1"]
[EndTime "9:27:24 PST"]
[Termination "Grandelicious won by resignation"]

1. d4 Nf6 2. c4 e6 3. Nc3 Bb4 4. e3 O-O 5. Ne2 c6 6. a3 Ba5 7. Ng3 d5 8. Qc2 Nbd7 9. Bd2 Re8 10. cxd5 exd5 11. Bd3 Nf8 12. O-O Ng6 13. f3 Bd7 14. Na4 Bc7 15. Nc5 Bc8 16. b4 a6 17. Nb3 Qd6 18. f4 Ne7 19. a4 h5 20. b5 axb5 21.
axb5 Rxa1 22. Rxa1 h4 23. Ne2 h3 24. bxc6 Nxc6 25.
g3 Ng4 26. e4 dxe4 27. Bxe4 Be6 28. Bf3 Bxb3 29. Qxb3 Nxd4 0-1

[Event "*** Titled Tuesday Blitz"]
[Site "Chess.com"]
[Date "2020.03.03"]
[Round "3"]
[White "albi1999"]
[Black "SHIVACalypso"]
[Result "1-0"]
[WhiteElo "2574"]
[BlackElo "2197"]
[TimeControl "180+1"]
[EndTime "9:27:27 PST"]
[Termination "albi1999 won by resignation"]

1. d4 e6 2. c4 Nf6 3. Nf3 d5 4. g3 Be7 5. Bg2 O-O 6. O-O dxc4 7. Qc2 a6 8. a4 Bd7 9. Rd1 Bc6 10. Bg5 b5 11. Bxf6 Bxf6 12. Nc3 b4 13. Ne4 Bxe4 14. Qxe4 Nd7 15. Rac1 a5 16. Ne5 Nb6 17. Nxc4 Rb8 18. Nxa5 Qd7 19. b3 Nd5 20. Qd3 Rb6 21. Bxd5 Qxd5 22.
Nc4 Rc6 23. e4 Qd7 24. d5 exd5 25. exd5 Ra6 26. Ne5 Qd6 27. Nc6 Bc3 28. Qxa6 1-0

[Event "*** Titled Tuesday Blitz"]
[Site "Chess.com"]
[Date "2020.03.03"]
[Round "3"]
[White "riconaipe"]
[Black "piscatorox"]
[Result "1-0"]
[WhiteElo "2580"]
[BlackElo "2260"]
[TimeControl "180+1"]
[EndTime "9:27:29 PST"]
[Termination "riconaipe won by resignation"]

1. e4 d5 2. exd5 Nf6 3. c4 e6 4. dxe6 Bc5 5. exf7+ Kxf7 6. Nf3 Nc6 7. d4 Re8+ 8. Be2 Nxd4 9. Nxd4 Qxd4 10. O-O Ng4 11. Bxg4 Bxg4 12. Qxd4 Bxd4 13. Nc3 Be2 14. Nxe2 Rxe2 15.
Be3 Bxe3 16. fxe3+ Ke6 17. Rf2 Rxe3 18. Rd1 Re8 19. b3 Re7 20. g3 Ke5 21. Kg2 c6 22. Rd8 a6 23. h4 g6 24. g4 Re4 25. Kg3 h5 26. gxh5 gxh5 27. Rg8 Re3+ 28. Rf3 Rxf3+ 29.
Kxf3 Rf7+ 30. Ke3 Rf4 31. Re8+ 1-0

[Event "*** Titled Tuesday Blitz"]
[Site "Chess.com"]
[Date "2020.03.03"]
[Round "3"]
[White "ahachess"]
[Black "Sunnika"]
[Result "0-1"]
[WhiteElo "2224"]
[BlackElo "2403"]
[TimeControl "180+1"]
[EndTime "9:27:36 PST"]
[Termination "Sunnika won by resignation"]

1. d4 Nf6 2. c4 c5 3. d5 e6 4. Nc3 exd5 5. cxd5 d6 6. g3 g6 7. Bg2 Bg7 8. Nf3 O-O 9. O-O a6 10. a4 Re8 11. Bf4 Bf5 12. Nd2 Nh5 13. Be3 Rxe3 14. fxe3 Bh6 15. Nc4 Qe7 16. e4 Bg4 17. Bf3 Nf6 18. e3 Bh3 19. Rf2 Nbd7 20. Qc2 Re8 21. Bg2 Bxg2 22. Kxg2 Ng4 23. Rf4 Bxf4 24. exf4 Nb6 25.
Kf3 Nxc4 26. Kxg4 Ne3+ 0-1

[Event "*** Titled Tuesday Blitz"]
[Site "Chess.com"]
[Date "2020.03.03"]
[Round "3"]
[White "Rish_97"]
[Black "Frolik67"]
[Result "1-0"]
[WhiteElo "2763"]
[BlackElo "2498"]
[TimeControl "180+1"]
[EndTime "9:27:43 PST"]
[Termination "Rish_97 won by resignation"]

1. d4 e6 2. c4 d5 3. Nc3 f5 4. Bf4 Nf6 5. e3 c6 6. Bd3 Bd6 7. Nf3 O-O 8. Qc2 Ne4 9. O-O Qe7 10.
c5 Bc7 11. b4 h6 12. Ne5 Bxe5 13.
Bxe5 Nd7 14. Bf4 g5 15. Bxe4 gxf4 16. Bd3 fxe3 17. fxe3 Qg5 18. Rf3 Kh8 19. Raf1 Nf6 20. Rg3 Qh5 21. Ne2 Rg8 22. Nf4 Qf7 23. Rff3 Ne4 24. Rxg8+ Kxg8 25. Bxe4 fxe4 26. Rg3+ Kh7 27. Qe2 Bd7 28. Qh5 Rf8 29. Rg6 1-0

[Event "*** Titled Tuesday Blitz"]
[Site "Chess.com"]
[Date "2020.03.03"]
[Round "3"]
[White "Berardino"]
[Black "JakeCarlosBanawa"]
[Result "1-0"]
[WhiteElo "2642"]
[BlackElo "2420"]
[TimeControl "180+1"]
[EndTime "9:27:46 PST"]
[Termination "Berardino won by resignation"]

1. e4 c5 2. Nc3 d6 3. f4 Nc6 4. Nf3 g6 5. Bb5 Bd7 6. O-O Bg7 7. d3 Nf6 8. Bxc6 Bxc6 9. Qe1 b5 10. f5 b4 11. Ne2 Qd7 12. Qh4 gxf5 13. Ng3 fxe4 14. dxe4 O-O-O 15. a3 Qb7 16. axb4 Nxe4 17. Nxe4 Bxe4 18.
bxc5 dxc5 19. Qg4+ f5 20. Qxg7 Rhg8 21. Qc3 Rd1 22.
Qxc5+ Kb8 23. Bf4+ 1-0

[Event "*** Titled Tuesday Blitz"]
[Site "Chess.com"]
[Date "2020.03.03"]
[Round "3"]
[White "Mikhail_Golubev"]
[Black "bugbug01052018"]
[Result "0-1"]
[WhiteElo "2521"]
[BlackElo "2273"]
[TimeControl "180+1"]
[EndTime "9:27:48 PST"]
[Termination "bugbug01052018 won on time"]

1. e4 c6 2. d4 d5 3. Nc3 dxe4 4. Nxe4 Nd7 5. Bd3 Ngf6 6. Ng5 h6 7. Ne6 Qa5+ 8. Bd2 Qb6 9. Nf3 fxe6 10. Bg6+ Kd8 11.
O-O Qc7 12. Qe1 b6 13. c4 Ba6 14. b3 Kc8 15. Qxe6 Kb7 16. a4 Rd8 17. a5 Qd6 18. Qe2 b5 19. c5 Qd5 20. b4 Kb8 21. Rfe1 Bc8 22. Bf4+ Ka8 23. Rad1 Nh5 24. Be5 Nxe5 25. Nxe5 Nf4 26. Qg4 Bxg4 0-1

[Event "*** Titled Tuesday Blitz"]
[Site "Chess.com"]
[Date "2020.03.03"]
[Round "3"]
[White "FMPowerwolf"]
[Black "AtabayevSaparmyrat"]
[Result "0-1"]
[WhiteElo "2498"]
[BlackElo "2771"]
[TimeControl "180+1"]
[EndTime "9:27:49 PST"]
[Termination "AtabayevSaparmyrat won by resignation"]

1. d4 Nf6 2. c4 e6 3. g3 d5 4. Bg2 Be7 5. Nf3 O-O 6. Qc2 dxc4 7.
Nbd2 Nc6 8. e3 Nb4 9. Qxc4 b6 10. Qb3 Ba6 11. Ne5 Nd7 12. Ndc4 b5 13. Na5 Nxe5 14.
dxe5 Nd3+ 15. Ke2 Nxe5 16. Rd1 b4+ 17. Ke1 Nd3+ 18. Rxd3 Qxd3 19. Qxd3 Bxd3 20. Bxa8 Rxa8 21. Nc6 Bd6 22. Bd2 a5 23. Rc1 Bb5 24. Nd4 Be8 25. f4 Bd7 26. Kf2 e5 27. Nf3 exf4 28. exf4 f6 29. Be3 Ra6 30. Nd4 a4 31. Ne2 Be6 0-1

[Event "*** Titled Tuesday Blitz"]
[Site "Chess.com"]
[Date "2020.03.03"]
[Round "3"]
[White "Spring199"]
[Black "Korona_91"]
[Result "0-1"]
[WhiteElo "2238"]
[BlackElo "2426"]
[TimeControl "180+1"]
[EndTime "9:27:49 PST"]
[Termination "Korona_91 won by resignation"]

1. d4 g6 2. c4 Bg7 3. Nc3 d6 4. e4 Nd7 5. Nge2 e5 6. d5 Ne7 7. Ng3 O-O 8. Bd3 f5 9. exf5 gxf5 10. O-O e4 11. Bc2 Ne5 12. Qe2 N7g6 13. Nh5 Qh4 14.
Nxg7 Kxg7 15. b3 f4 16. Qxe4 Bf5 17. Qe2 f3 18. gxf3 Bxc2 19. f4 Bd3 20. Qe3 Ng4 21. Qd4+ Kg8 0-1

[Event "*** Titled Tuesday Blitz"]
[Site "Chess.com"]
[Date "2020.03.03"]
[Round "3"]
[White "chigorin28"]
[Black "guillembaches"]
[Result "1-0"]
[WhiteElo "2663"]
[BlackElo "2402"]
[TimeControl "180+1"]
[EndTime "9:27:50 PST"]
[Termination "chigorin28 won on time"]

1. e4 c5 2. Nf3 d6 3. c3 Nf6 4. Bd3 b6 5. h3 Bb7 6. Qe2 Nbd7 7. O-O Rc8 8. Re1 e6 9. Bc2 c4 10. b3 b5 11. Na3 cxb3 12. axb3 a6 13. c4 bxc4 14.
Nxc4 Be7 15. d4 O-O 16. e5 Ne8 17. Qd3 g6 18. Bh6 Ng7 19. exd6 Bf6 20. Nfe5 Nb6 21. Ng4 Nxc4 22. bxc4 Bg5 23. c5 f5 24. Bxg5 Qxg5 25.
Qe3 Qd8 26. Ne5 Bd5 27. Bb3 f4 28. Qd3 Ba8 29. d5 Qg5 30. Nf3 1-0

[Event "*** Titled Tuesday Blitz"]
[Site "Chess.com"]
[Date "2020.03.03"]
[Round "3"]
[White "Sanan_Sjugirov"]
[Black "ckgchess"]
[Result "0-1"]
[WhiteElo "2823"]
[BlackElo "2699"]
[TimeControl "180+1"]
[EndTime "9:27:51 PST"]
[Termination "ckgchess won on time"]

1. e4 c5 2. Nf3 d6 3. d4 cxd4 4. Nxd4 Nf6 5. Nc3 a6 6. Be3 e5 7. Nf3 Qc7 8. a4 Be7 9. Be2 O-O 10. a5 Bd8 11. O-O Nc6 12. Bb6 Qe7 13. Nd5 Nxd5 14.
Bxd8 Qxd8 15. exd5 Ne7 16. c4 f5 17. b4 Ng6 18. Rc1 e4 19. Nd4 f4 20. Bg4 f3 21.
Bxc8 Rxc8 22. Ne6 Qh4 23. Qd4 Ne5 24. h3 Rf7 25. Rc3 Rf6 26. Re1 Rg6 0-1

[Event "*** Titled Tuesday Blitz"]
[Site "Chess.com"]
[Date "2020.03.03"]
[Round "3"]
[White "Reshetkov"]
[Black "DonBroca"]
[Result "1-0"]
[WhiteElo "2559"]
[BlackElo "2071"]
[TimeControl "180+1"]
[EndTime "9:27:51 PST"]
[Termination "Reshetkov won by resignation"]

1. d4 Nf6 2. c4 g6 3. Nc3 Bg7 4. e4 d6 5. Nf3 O-O 6. Be2 e5 7. O-O Nbd7 8. d5 a5 9. Bg5 Nc5 10. Nd2 h6 11. Be3 b6 12. b3 Ne8 13. a3 f5 14. f3 f4 15. Bf2 Nf6 16. b4 Ncd7 17. Nb3 axb4 18. axb4 Rb8 19. c5 bxc5 20. bxc5 Nh5 21.
Na5 Ndf6 22. Nc6 Qe8 23. Nxb8 g5 24. Na6 Qg6 25. h3 Ng3 26. Nxc7 h5 27. Ne6 Bxe6 28.
dxe6 Nxf1 29. Bxf1 g4 30. e7 Re8 31. cxd6 gxh3 32.
d7 Nxd7 33. Qxd7 hxg2 34. Bc4+ Kh8 35. Qf5 Qc6 36. Bd5 Qxc3 37. Qxh5+ 1-0

[Event "*** Titled Tuesday Blitz"]
[Site "Chess.com"]
[Date "2020.03.03"]
[Round "3"]
[White "Willychess95"]
[Black "Quiet_Desperation"]
[Result "1-0"]
[WhiteElo "2552"]
[BlackElo "2050"]
[TimeControl "180+1"]
[EndTime "9:27:55 PST"]
[Termination "Willychess95 won by resignation"]

1. e4 e6 2. d4 d5 3. Nc3 Nf6 4. e5 Nfd7 5. f4 c5 6. Nf3 Nc6 7.
Be3 Be7 8. Qd2 O-O 9. dxc5 Nxc5 10. Nd4 Bd7 11. O-O-O Rc8 12. Kb1 Nxd4 13. Bxd4 a6 14. g4 b5 15. Bd3 b4 16. Ne2 Nxd3 17. cxd3 f6 18. Qe3 fxe5 19. Bxe5 a5 20. Rc1 a4 21. g5 Qa5 22. Nd4 Bc5 23. h4 b3 24. a3 Bxd4 25.
Qxd4 Rxc1+ 26. Rxc1 Rc8 27. Rxc8+ Bxc8 28. Qe3 Ba6 29.
Bc3 Qd8 30. Qxe6+ 1-0

[Event "*** Titled Tuesday Blitz"]
[Site "Chess.com"]
[Date "2020.03.03"]
[Round "3"]
[White "BeanScreen"]
[Black "parmupill123"]
[Result "1-0"]
[WhiteElo "2659"]
[BlackElo "2445"]
[TimeControl "180+1"]
[EndTime "9:27:57 PST"]
[Termination "BeanScreen won by resignation"]

1. e4 e6 2. d4 d5 3. Nc3 Bb4 4. exd5 exd5 5. Bd3 Nf6 6. Nf3 O-O 7. O-O Bg4 8. Bg5 c6 9. h3 Bh5 10. Bf5 Bg6 11.
Nh4 Be7 12. Re1 Nbd7 13. Qf3 Re8 14. Re2 Qb6 15. Bxd7 Nxd7 16. Bxe7 Bxc2 17. Rxc2 Rxe7 18. Nf5 Re6 19. Qg4 g6 20. Na4 Qb4 21. b3 Nf6 22.
Nh6+ Kg7 23. Qf4 Nh5 24. Qxf7+ Kxh6 25. Qxe6 Qxd4 26. Qe3+ 1-0

[Event "*** Titled Tuesday Blitz"]
[Site "Chess.com"]
[Date "2020.03.03"]
[Round "3"]
[White "VALPARAISO37"]
[Black "viktorko131"]
[Result "1-0"]
[WhiteElo "2378"]
[BlackElo "2118"]
[TimeControl "180+1"]
[EndTime "9:27:57 PST"]
[Termination "VALPARAISO37 won on time"]

1. d4 Nf6 2. c4 e6 3. Nc3 Bb4 4. a3 Bxc3+ 5. bxc3 c5 6. e3 O-O 7. Bd3 d6 8. Ne2 b6 9. O-O e5 10. e4 Nc6 11. h3 Re8 12. d5 Na5 13. Ng3 Ba6 14.
f4 Bxc4 15. fxe5 Rxe5 16. Bf4 Nd7 17. Nf5 Bxd3 18. Qxd3 Qf6 19. c4 Rae8 20. Rae1 g5 21. Qg3 h6 22. h4 Nxc4 23. hxg5 hxg5 24. Bxg5 Qg6 25. Nh6+ 1-0

[Event "*** Titled Tuesday Blitz"]
[Site "Chess.com"]
[Date "2020.03.03"]
[Round "3"]
[White "NemtsevIgor"]
[Black "MokshAD1603"]
[Result "0-1"]
[WhiteElo "2349"]
[BlackElo "2162"]
[TimeControl "180+1"]
[EndTime "9:27:59 PST"]
[Termination "MokshAD1603 won by resignation"]

1. d4 f5 2. Nc3 Nf6 3. Bg5 d5 4.
Bxf6 exf6 5. e3 c6 6. Bd3 Qb6 7. Rb1 Bb4 8. Ne2 Be6 9. O-O g6 10. Nf4 Bf7 11. Nce2 Nd7 12. h4 g5 13. Nh3 h6 14.
Bxf5 O-O-O 15. b3 Kb8 16. c4 dxc4 17. bxc4 Bxc4 18. a3 Qa6 19. Rxb4 Bxe2 20. Qc1 Bxf1 21. Qxf1 Qxf1+ 22. Kxf1 Nb6 23. Bc2 Rd5 24. h5 Kc7 25. Rb1 Ra5 26. Rb3 Nc4 27. Rc3 b5 28. Bg6 Rxa3 29. Rc1 a5 30. f4 a4 31. fxg5 fxg5 32.
e4 Rf8+ 33. Kg1 Ra2 34. d5 a3 35. dxc6 Kxc6 36. Nf2 Rfxf2 0-1

[Event "*** Titled Tuesday Blitz"]
[Site "Chess.com"]
[Date "2020.03.03"]
[Round "3"]
[White "ahkashefi2800"]
[Black "bascheyaro"]
[Result "0-1"]
[WhiteElo "2107"]
[BlackElo "2762"]
[TimeControl "180+1"]
[EndTime "9:28:03 PST"]
[Termination "bascheyaro won by resignation"]

1. e4 e6 2. d4 d5 3. Nc3 Bb4 4. e5 Ne7 5. a3 Bxc3+ 6. bxc3 b6 7. Qg4 Kf8 8. Nf3 Ba6 9. Bd3 c5 10. dxc5 bxc5 11. O-O Bxd3 12. cxd3 Nbc6 13. a4 h5 14. Qg3 Kg8 15. Ba3 d4 16. c4 Nb4 17. Bxb4 cxb4 18.
a5 Rb8 19. Qf4 Nc6 20. Ng5 Qc7 21. Rfe1 b3 22. a6 Rh6 23. Nf3 Rf6 24. Qe4 Rf5 25. Nxd4 b2 26. Qxc6 Qxe5 27. Qe4 Qxe4 28. dxe4 bxa1=Q 29.
Rxa1 Rc5 30. Nb5 Rxc4 31. Nxa7 Ra4 0-1

[Event "*** Titled Tuesday Blitz"]
[Site "Chess.com"]
[Date "2020.03.03"]
[Round "3"]
[White "RitvarsReimanis"]
[Black "MaxLeto"]
[Result "1-0"]
[WhiteElo "2620"]
[BlackElo "2409"]
[TimeControl "180+1"]
[EndTime "9:28:08 PST"]
[Termination "RitvarsReimanis won by resignation"]

1. d4 d5 2. c4 e6 3. Nf3 Nf6 4.
e3 Be7 5. Nc3 O-O 6. cxd5 exd5 7. Bd3 c6 8. Bd2 Bg4 9. Qb3 Qb6 10. Ne5 Nbd7 11. Nxg4 Nxg4 12. Qc2 Ngf6 13. g4 g6 14. h3 c5 15. Na4 Qc6 16. Nxc5 Bxc5 17. dxc5 Nxc5 18. Be2 d4 19. O-O Rfe8 20. Rac1 b6 21.
b4 dxe3 22. Bxe3 Qe4 23. bxc5 1-0

[Event "*** Titled Tuesday Blitz"]
[Site "Chess.com"]
[Date "2020.03.03"]
[Round "3"]
[White "northridgehawk"]
[Black "ZWISCHENZUGGED"]
[Result "1-0"]
[WhiteElo "2207"]
[BlackElo "2552"]
[TimeControl "180+1"]
[EndTime "9:28:13 PST"]
[Termination "northridgehawk won by resignation"]

1. e4 c5 2. Nf3 e6 3. d4 cxd4 4. Nxd4 Nc6 5. Nc3 Qc7 6. f4 a6 7. Be3 Nxd4 8. Qxd4 b5 9. O-O-O Bb7 10. e5 Rc8 11.
Rd2 Nh6 12. Bd3 Be7 13. h3 b4 14. Ne2 Bxg2 15. Rg1 Bxh3 16. Rxg7 Nf5 17. Bxf5 Bxf5 18. c3 bxc3 19. Nxc3 h5 20. Rdg2 Kf8 21. Qd1 Bg6 22. R7xg6 fxg6 23. Rxg6 Kf7 24. f5 exf5 25. Rg1 Rcg8 26.
Qd5+ Kf8 27. Bh6+ 1-0

[Event "*** Titled Tuesday Blitz"]
[Site "Chess.com"]
[Date "2020.03.03"]
[Round "3"]
[White "GulamaliRises"]
[Black "iturrizaga"]
[Result "0-1"]
[WhiteElo "2532"]
[BlackElo "2962"]
[TimeControl "180+1"]
[EndTime "9:28:19 PST"]
[Termination "iturrizaga won by resignation"]

1. e4 c5 2. Nf3 e6 3. d4 cxd4 4. Nxd4 a6 5. Bd3 g6 6. O-O Bg7 7. c3 Ne7 8. f4 f5 9. exf5 gxf5 10. Qh5+ Ng6 11. Nf3 Nc6 12. Be3 O-O 13. Ng5 h6 14. Qxg6 hxg5 15. fxg5 Ne5 16. Qh5 Nxd3 17. g6 Rf6 18. Qh7+ Kf8 19. Bh6 Bxh6 20. Qxh6+ Ke7 21. Nd2 Qg8 22. Qe3 Rxg6 23. g3 Nxb2 24. Rab1 Na4 25.
Nc4 b5 26. Ne5 d6 27. Nxg6+ Qxg6 28. c4 Bd7 29. Qf3 0-1

[Event "*** Titled Tuesday Blitz"]
[Site "Chess.com"]
[Date "2020.03.03"]
[Round "3"]
[White "AminMolaei"]
[Black "Zkid"]
[Result "0-1"]
[WhiteElo "2527"]
[BlackElo "2869"]
[TimeControl "180+1"]
[EndTime "9:28:25 PST"]
[Termination "Zkid won by resignation"]

1. d4 d5 2. c4 dxc4 3. Nf3 Nf6 4. e3 e6 5. Bxc4 c5 6. O-O Nc6 7. dxc5 Qxd1 8. Rxd1 Bxc5 9. Nc3 a6 10. a3 b5 11. Ba2 Bb7 12. b4 Be7 13. Bb2 O-O 14. Rac1 Rfd8 15. Ne2 Rxd1+ 16. Rxd1 a5 17. bxa5 Rxa5 18.
Ned4 Nxd4 19. Nxd4 b4 20. Nc2 bxa3 21. Bxa3 Rxa3 22.
Nxa3 Bxa3 23. Rd8+ Bf8 24. f3 g5 25. Kf2 Kg7 26. h3 Bc5 27. Ke2 Ba6+ 28. Kd2 Bf1 29. g4 Bxh3 30. Ke2 h5 31. gxh5 Nxh5 32. Rd7 g4 33. fxg4 Bxg4+ 34. Kf2 Nf6 35. Bc4 Nxd7 0-1

[Event "*** Titled Tuesday Blitz"]
[Site "Chess.com"]
[Date "2020.03.03"]
[Round "3"]
[White "Martins-BR"]
[Black "GM-2023"]
[Result "1-0"]
[WhiteElo "2329"]
[BlackElo "2040"]
[TimeControl "180+1"]
[EndTime "9:28:25 PST"]
[Termination "Martins-BR won on time"]

1. e4 e5 2. Nf3 Nc6 3. d4 exd4 4. Nxd4 Nf6 5. Nc3 Bb4 6. Nxc6 bxc6 7. Bd3 d5 8. exd5 cxd5 9. O-O O-O 10. h3 c5 11. Qf3 Be6 12. Rd1 h6 13. Bf4 Ba5 14.
Be5 Nd7 15. Bd6 Re8 16. Nxd5 Bxd5 17. Qxd5 Nf6 18. Qxc5 Rc8 19. Qa3 Bb6 20. Bf5 Rc6 21.
Bg3 Qa8 22. Qa4 Ne4 23. Bxe4 Rf6 24. Bxa8 Bxf2+ 25. Bxf2 Rxf2 26. Qxe8+ Kh7 27. Kxf2 g5 28. Qxf7+ 1-0

[Event "*** Titled Tuesday Blitz"]
[Site "Chess.com"]
[Date "2020.03.03"]
[Round "3"]
[White "suyu28"]
[Black "ethylalcohol"]
[Result "1-0"]
[WhiteElo "2565"]
[BlackElo "2145"]
[TimeControl "180+1"]
[EndTime "9:28:28 PST"]
[Termination "suyu28 won on time"]

1. d4 Nf6 2. c4 g6 3. Nc3 Bg7 4. g3 d6 5. Bg2 O-O 6. Nf3 Nbd7 7. O-O e5 8. e4 Re8 9. h3 c6 10. Re1 Qc7 11. Be3 exd4 12. Nxd4 Ne5 13. b3 Ned7 14. Qc2 Nc5 15. Rad1 a5 16. Ndb5 cxb5 17. Nxb5 Qb8 18. Nxd6 Ne6 19. e5 Bf8 20. Nxc8 Nd7 21. Rxd7 Qxc8 22. Rxb7 Ra6 23. Rb5 Nc7 24. Rb7 Rxe5 25.
Rd1 1-0

[Event "*** Titled Tuesday Blitz"]
[Site "Chess.com"]
[Date "2020.03.03"]
[Round "3"]
[White "VerdeNotte"]
[Black "Palacios-LLera"]
[Result "1-0"]
[WhiteElo "2800"]
[BlackElo "2513"]
[TimeControl "180+1"]
[EndTime "9:28:30 PST"]
[Termination "VerdeNotte won by resignation"]

1. e4 c5 2. Nc3 Nc6 3. f4 g6 4. Nf3 Bg7 5. Bb5 Nd4 6. O-O Nxb5 7. Nxb5 c4 8. d4 cxd3 9. Qxd3 a6 10. Nc3 d6 11.
Be3 Nf6 12. e5 Bf5 13. exf6 Bxd3 14. fxg7 Rg8 15. cxd3 Rxg7 16. Nd5 Rc8 17. Bb6 Qd7 18. Bd4 Qb5 19. Nxe7 Kxe7 20. Bxg7 f6 21. f5 Kf7 22.
Bh6 g5 23. Rae1 Rc2 24. Bxg5 Qxb2 25. Rb1 Rxg2+ 26. Kh1 Qe2 27. Rxb7+ Kg8 28. Rc1 Qe8 29.
Kxg2 fxg5 30. f6 Kf8 31. f7 Qe2+ 32. Kg3 Qe6 33. Rb8+ 1-0

[Event "*** Titled Tuesday Blitz"]
[Site "Chess.com"]
[Date "2020.03.03"]
[Round "3"]
[White "ChessWarrior7197"]
[Black "Volodar_Murzin"]
[Result "1-0"]
[WhiteElo "2870"]
[BlackElo "2689"]
[TimeControl "180+1"]
[EndTime "9:28:33 PST"]
[Termination "ChessWarrior7197 won by resignation"]

1. e4 c6 2. d4 d5 3. exd5 cxd5 4. Bd3 Nc6 5. c3 g6 6. Nf3 Bf5 7. Ne5 Nxe5 8. Bxf5 gxf5 9. dxe5 e6 10. Be3 Ne7 11. O-O Nc6 12. Nd2 Rg8 13. f4 Qd7 14. Nf3 O-O-O 15.
b4 Kb8 16. Qe2 Rc8 17. a4 Be7 18. a5 Nd8 19. Rfc1 Qc6 20. Nd2 a6 21. c4 Bxb4 22.
cxd5 Qxc1+ 23. Rxc1 Rxc1+ 24. Nf1 Re1 25. Qc4 Bxa5 26.
Qc5 b6 27. Qd6+ Kc8 28. Bxb6 Bxb6+ 29. Qxb6 Re2 30. Qxa6+ Kb8 31. Qxe2 exd5 32. Qb5+ Kc7 33. Qxd5 Ne6 34. Qd6+ Kc8 35. Ne3 Nxf4 36. Qc5+ Kb8 37. Qb4+ Ka8 38. Qxf4 1-0

[Event "*** Titled Tuesday Blitz"]
[Site "Chess.com"]
[Date "2020.03.03"]
[Round "3"]
[White "Sjakkerntobi"]
[Black "thedjoker98"]
[Result "0-1"]
[WhiteElo "2256"]
[BlackElo "2523"]
[TimeControl "180+1"]
[EndTime "9:28:33 PST"]
[Termination "thedjoker98 won by resignation"]

1. e4 e5 2. Nf3 Nc6 3. Bb5 g6 4. d4 exd4 5. Bg5 Be7 6. Bxe7 Qxe7 7. O-O Qb4 8. Bxc6 dxc6 9. Nbd2 Qxb2 10. Rb1 Qc3 11. Nb3 c5 12. Qe2 Bd7 13. e5 Ne7 14.
e6 Bxe6 15. Ng5 Bc4 16. Qe5 O-O-O 17. Rfd1 Be6 18. Nxe6 fxe6 19. Qxe6+ Rd7 20. Qe5 Re8 21. Nxc5 Rd6 22. Rxb7 Rc6 23. Rdb1 Qxc5 24. Rb8+ Kd7 25. Qg7 Rxb8 26. Rxb8 Qxc2 27. h4 d3 28. Qf8 d2 29.
Rd8+ Ke6 30. Qf3 Rd6 31. Qe3+ Kf7 32. Qf3+ Nf5 33. Rxd6 cxd6 34. Qb7+ Kf6 35. g4 d1=Q+ 36. Kh2 Qxf2+ 0-1

[Event "*** Titled Tuesday Blitz"]
[Site "Chess.com"]
[Date "2020.03.03"]
[Round "3"]
[White "Sankalp_Gupta2003"]
[Black "Ali_rastbod"]
[Result "1-0"]
[WhiteElo "2835"]
[BlackElo "2639"]
[TimeControl "180+1"]
[EndTime "9:28:34 PST"]
[Termination "Sankalp_Gupta2003 won by checkmate"]

1. c4 e5 2. Nc3 Nc6 3. g3 g6 4. Bg2 Bg7 5. d3 d6 6. Rb1 a5 7. a3 Be6 8. b4 axb4 9. axb4 Qd7 10. e3 Nge7 11. Nd5 Bxd5 12. cxd5 Na7 13. Bb2 Nb5 14. Ne2 O-O 15. O-O f5 16. f4 Ra2 17.
Qb3 Rfa8 18. fxe5 Bxe5 19. d4 Bg7 20. Nf4 Bh6 21. e4 fxe4 22. Bxe4 Nf5 23. Bxf5 Qxf5 24.
Rbe1 Qg4 25. Ne6 Bg7 26. Nxg7 Kxg7 27. Re7+ Kg8 28. Qe3 Rxb2 29. Re8+ Rxe8 30. Qxe8+ Kg7 31. Qf8# 1-0

[Event "*** Titled Tuesday Blitz"]
[Site "Chess.com"]
[Date "2020.03.03"]
[Round "3"]
[White "wonderfultime"]
[Black "Zq1"]
[Result "0-1"]
[WhiteElo "3009"]
[BlackElo "2550"]
[TimeControl "180+1"]
[EndTime "9:28:34 PST"]
[Termination "Zq1 won by resignation"]

1. d4 Nf6 2. Nf3 e6 3. Bf4 b6 4. e3 Bb7 5. Nbd2 Be7 6. h3 O-O 7. Bd3 c5 8. c3 cxd4 9. cxd4 d6 10. O-O a6 11. Rc1 Nbd7 12. Bh2 h6 13. a4 Re8 14. Qe2 Bf8 15. Nc4 Ne4 16. Bxe4 Bxe4 17. Nxd6 Bxd6 18.
Bxd6 b5 19. axb5 axb5 20. Nd2 Bb7 21. Qxb5 Ba6 22. Qc6 Bxf1 23. Rxf1 Qc8 24. Qb5 Qa6 25.
Qxa6 Rxa6 26. Bb4 Rc8 27. Bc3 Nb6 28. Ne4 Na4 29. Ra1 Nxc3 30. Rxa6 Nxe4 31. f3 Rc1+ 32. Kh2 Nd2 33. h4 Nf1+ 34. Kh3 Nxe3 35. Ra8+ Kh7 36. g4 g5 37. hxg5 hxg5 38. b4 Rb1 39. Rb8 Nd5 40. b5 Rb2 0-1